Workbook

Sheet 利润测算表
A1: 创享供应链7月17日订单台账
A2: 订单日期 | B2: 产品名称 | C2: 供货单位 | D2: 采购数量 | E2: 采购金额 | F2: 销售单位 | G2: 销售数量 | H2: 销售金额 | I2: 毛利润 | J2: 毛利率
A3: =重庆飞鲟对账单!C3 -> 45124 | B3: =重庆飞鲟对账单!D3 -> 猪白条 | C3: 重庆山海飞鲟贸易有限公司 | D3: =重庆飞鲟对账单!G23 -> 662 | E3: =重庆飞鲟对账单!J23 -> 973531.95 | F3: 贵州农发农业有限公司 | G3: =贵州农发对账单!G24 -> 662 | H3: =贵州农发对账单!J24 -> 980336.26 | I3: =H3-E3 -> 6804.3108 | J3: =I3/E3 -> 0.0069893041

Sheet 贵州农发对账单
A1: 新疆创享供应链管理服务有限公司7月17日订单台账
A2: 采购单位：上海天玑中为实业发展有限公司 | G2: 供货单位：新疆创享供应链管理服务有限公司
A3: 序号 | B3: 订单日期 | C3: 入库日期 | D3: 商品信息 | E3: 规格型号 | F3: 单位 | G3: 数量（头） | H3: 重量 | I3: 采购单价 | J3: 结算金额 | K3: 运输车号 | L3: 备注
A4: 1 | B4: 45122 | C4: 45124 | D4: 猪白条 | E4: 一级 | F4: 公斤 | G4: 185 | H4: 15780.46 | I4: 17.44 | J4: =H4*I4 -> 275211.22 | K4: 赣C4081Z | L4: 北京平谷
A5: 2
A6: 3
A7: 4
A8: 5
A9: 6 | B9: 45122 | C9: 45124 | D9: 猪白条 | E9: 1、2、3级 | F9: 公斤 | G9: 110 | H9: 9228.1 | I9: 16.34 | J9: =H9*I9 -> 150787.15 | K9: 辽CE1848 | L9: 河北石家庄
A10: 7
A11: 8
A12: 9
A13: 10
A14: 11 | B14: 45122 | C14: 45124 | D14: 猪白条 | E14: 一级 | F14: 公斤 | G14: 187 | H14: 15754.03 | I14: 17.44 | J14: =H14*I14 -> 274750.28 | K14: 京ALR836 | L14: 天津市宝坻区
A15: 12
A16: 13
A17: 14
A18: 15
A19: 16 | B19: 45122 | C19: 45124 | D19: 猪白条 | E19: 二级 | F19: 公斤 | G19: 180 | H19: 15940 | I19: 17.54 | J19: =H19*I19 -> 279587.6 | K19: 京AUL078 | L19: 上海市浦东新区
A20: 17
A21: 18
A22: 19
A23: 20
G24: =SUM(G4:G23) -> 662 | J24: =SUM(J4:J23) -> 980336.26

Sheet 重庆飞鲟对账单
A1: 新疆创享供应链管理服务有限公司7月17日采购订单台账
A2: 序号 | B2: 订单日期 | C2: 入库日期 | D2: 商品信息 | E2: 规格型号 | F2: 单位 | G2: 数量（头） | H2: 重量 | I2: 采购单价 | J2: 结算金额 | K2: 运输车号 | L2: 备注
A3: 1 | B3: 45122 | C3: 45124 | D3: =贵州农发对账单!D4 -> 猪白条 | E3: 一级 | F3: 公斤 | G3: 185 | H3: 15780.46 | I3: 17.32 | J3: =H3*I3 -> 273317.57 | K3: 赣C4081Z
A4: 2
A5: 3
A6: 4
A7: 5
A8: 6 | B8: 45122 | C8: 45124 | D8: 猪白条 | E8: 1、2、3级 | F8: 公斤 | G8: 110 | H8: 9228.1 | I8: 16.22 | J8: =H8*I8 -> 149679.78 | K8: 辽CE1848
A9: 7
A10: 8
A11: 9
A12: 10
A13: 11 | B13: 45122 | C13: 45124 | D13: 猪白条 | E13: 一级 | F13: 公斤 | G13: 187 | H13: 15754.03 | I13: 17.32 | J13: =H13*I13 -> 272859.8 | K13: 京ALR836
A14: 12
A15: 13
A16: 14
A17: 15
A18: 16 | B18: 45122 | C18: 45124 | D18: 猪白条 | E18: 二级 | F18: 公斤 | G18: 180 | H18: 15940 | I18: 17.42 | J18: =H18*I18 -> 277674.8 | K18: 京AUL078
A19: 17
A20: 18
A21: 19
A22: 20
G23: =SUM(G3:G22) -> 662 | J23: =SUM(J3:J22) -> 973531.95
